 Dungeon Crawl Stone Soup version 0.30-a0-772-g5528072125 (webtiles) character file.

Game seed: 16816214468626791228

406 Orangeyouglad the Digger (level 7, -2/46 HPs)
             Began as a Human Earth Elementalist on Feb 12, 2023.
             Slain by an ogre
             ... wielding a +0 giant club
              (19 damage)
             ... on level 5 of the Dungeon.
             The game lasted 00:10:19 (4632 turns).

Orangeyouglad the Digger (Human Earth Elementalist) Turns: 4632, Time: 00:10:19

Health: -2/46      AC:  5    Str: 12    XL:     7   Next: 12%
Magic:  6/12       EV: 13    Int: 18    God:
Gold:   151        SH:  0    Dex: 13    Spells: 6/12 levels left

rFire   . . .      SeeInvis .    w - +6 hand axe of the Heart {freeze, Str+4}
rCold   . . .      Faith    .    (no shield)
rNeg    . . .      Spirit   .    a - +0 robe
rPois   .          Reflect  .    n - +1 helmet
rElec   .          Harm     .    (no cloak)
rCorr   .          Rampage  .    H - +0 pair of gloves
Will    +....                    (no boots)
Stlth   ++                       (no amulet)
HPRegen 0.27/turn                d - ring of willpower
MPRegen 0.13/turn                (no ring)

@: no status effects
A: no striking features
a: no special abilities


You were on level 5 of the Dungeon.
You visited 1 branch of the dungeon, and saw 5 of its levels.

You collected 151 gold pieces.

Inventory:

Hand Weapons
 i - a +0 dagger
 o - a +0 long sword
 w - the +6 hand axe of the Heart (weapon) {freeze, Str+4}
   (You took it off a goblin on level 3 of the Dungeon)

   Str:       It affects your strength (+4).
Missiles
 e - 2 boomerangs
 u - 4 poisoned darts
Armour
 a - a +0 robe (worn)
 n - a +1 helmet (worn)
 H - a +0 pair of gloves (worn)
Magical Staves
 B - a staff of conjuration
Jewellery
 d - a ring of willpower (left hand)
 F - a +5 ring of evasion
Wands
 x - a wand of roots (7)
Scrolls
 c - 2 scrolls of blinking
 h - a scroll of noise {unknown}
 l - a scroll of magic mapping {unknown}
 m - a scroll of enchant weapon {unknown}
 r - a scroll of vulnerability {unknown}
 s - 4 scrolls of teleportation
 t - a scroll of brand weapon {unknown}
 y - a scroll of poison {unknown}
 A - 3 scrolls of enchant armour
 G - a scroll of torment {unknown}
Potions
 b - 2 potions of magic
 f - a potion of resistance {unknown}
 g - 3 potions of curing {unknown}
 j - 2 potions of invisibility {unknown}
 k - 3 potions of lignification
 p - a potion of brilliance {unknown}
 q - a potion of heal wounds {unknown}
 v - 2 potions of might {unknown}
 z - a potion of attraction {unknown}
 C - 2 potions of degeneration {unknown}
 D - 2 potions of ambrosia {unknown}
 E - a potion of mutation {unknown}


   Skills:
 + Level 3.6 Dodging
 + Level 3.8 Stealth
 + Level 3.4 Spellcasting
 + Level 1.6 Summonings
 - Level 2.0 Transmutations
 + Level 4.3 Earth Magic


You had 6 spell levels left.
You knew the following spells:

 Your Spells              Type           Power      Damage    Failure   Level
a - Sandblast             Erth           36%        2d10      2%          1
b - Passwall              Tmut/Erth      11%        N/A       6%          2
c - Call Canine Familiar  Summ           8%         N/A       24%         3

Your spell library contained the following spells:

 Spells                   Type           Power      Damage    Failure   Level
 Summon Small Mammal      Summ           32%        N/A       9%          1
 Necrotise                Necr           12%        1d4       16%         1
 Stone Arrow              Conj/Erth      20%        3d8       19%         3
 Summon Guardian Golem    Hex/Summ       5%         N/A       34%         3
 Petrify                  Tmut/Erth      14%        N/A       38%         4
 Vampiric Draining        Necr           3%         2d6       43%         3
 Agony                    Necr           3%         N/A       99%         5


Dungeon Overview and Level Annotations

Branches:
Dungeon (5/15)             Temple (0/1) D:5

Altars:

Shops:
D:4 [

Portals:
Sewer: D:5


Message History

Press: ? - help, Q - select action, (/) - cycle Shift-Dir - straight line, f/p - necrophage
Aim: a necrophage (severely damaged, 82% to hit)
The blast of sand hits the necrophage!
You destroy the necrophage!
Your life force feels restored.
You have reached level 7!
You cannot move.
You start resting.
You feel less wooden.
Your +1 helmet unmelds from your body.
Your +0 pair of gloves unmelds from your body.
Your +0 robe unmelds from your body.
Found 12 gold pieces.
Found 3 scrolls labelled VOMEBR YSENA.
A rat comes into view.
Found a glowing drain.
A ball python comes into view.
An ogre comes into view. It is wielding a +0 giant club.
You see here 12 gold pieces.
A worm comes into view.
You enter the shallow water.
Moving in this stuff is going to be slow.
The ball python bites you but does no damage.
The ball python closely misses you.
The ball python attacks as you move away!
The ball python bites you but does no damage.
The ball python bites you. The ball python grabs you.
The ball python constricts you. The rat barely misses you.
You escape the ball python's grasp.
The rat attacks as you move away!
The rat splashes around in the water.
The ball python attacks as you move away!
The ball python closely misses you. x2; The ogre closely misses you.
The ball python misses you. The ball python barely misses you.
There is a glowing drain here.
The ogre misses you. The ball python barely misses you.
The ball python grabs you. The ball python constricts you.
The rat closely misses you.
You escape the ball python's grasp.
The worm splashes around in the water.
The ogre hits you with a +0 giant club!!
You die...

#......#####
#.....+...#...........
##.....#...#...........
#..........#...........
#..........#...........
#..........#........)..
#....~~~...#........)..
#...~~~~~..#...........
#..~w@O~..$...........
#..~~rS~........######
#...~~~...#..[..#.....
#.........+.....#.....
#.........#.....#.....
#....^#...#.....#....#
#.....#...#....?#.....
#.....#...#.....#..# .
#.....#...# ... #.


You could see an ogre, a worm, a ball python and a rat.

Vanquished Creatures
  A necrophage (D:5)
  An orc priest (D:3)
  2 hounds
  2 iguanas
  2 orc wizards (D:3)
  3 gnolls (D:5)
  4 adders
  A worm (D:2)
  2 dart slugs
  6 orcs
  5 ball pythons
  5 endoplasms
  2 giant cockroaches
  8 goblins
  5 hobgoblins
  4 jackals (D:2)
  6 quokkas
  3 frilled lizards
  10 kobolds
  7 rats
79 creatures vanquished.

Vanquished Creatures (collateral kills)
  A worm (D:4)
1 creature vanquished.

Vanquished Creatures (others)
  16 plants (D:2)
16 creatures vanquished.

Grand Total: 96 creatures vanquished

Notes
Turn   | Place    | Note
-------+----------+-------------------------------------------
     0 | D:1      | Orangeyouglad the Human Earth Elementalist began the quest
                  | for the Orb.
     0 | D:1      | Reached XP level 1. HP: 13/13 MP: 3/3
   338 | D:1      | Reached XP level 2. HP: 7/19 MP: 0/5
   831 | D:1      | Learned a level 2 spell: Passwall
   885 | D:1      | Reached XP level 3. HP: 24/24 MP: 3/6
  1601 | D:2      | Reached XP level 4. HP: 26/30 MP: 3/7
  2458 | D:3      | Identified the +6 hand axe of the Heart {freeze, Str+4}
  2651 | D:3      | Found a faded altar of an unknown god.
  2757 | D:3      | Reached XP level 5. HP: 35/35 MP: 5/8
  3150 | D:4      | Learned a level 3 spell: Call Canine Familiar
  3205 | D:4      | Reached XP level 6. HP: 27/41 MP: 4/10
  3682 | D:4      | Reached skill level 4 in Earth Magic
  3693 | D:4      | Noticed an orc warrior
  3899 | D:2      | Upgraded the game from 0.30-a0-760-g5a9884bb7c to
                  | 0.30-a0-772-g5528072125
  4089 | D:4      | Found Qakhlo's Armour Shop.
  4147 | D:4      | Reached skill level 1 in Summonings
  4492 | D:5      | Entered Level 5 of the Dungeon
  4511 | D:5      | HP: 3/61 [iguana (8)]
  4557 | D:5      | Found a staircase to the Ecumenical Temple.
  4611 | D:5      | Reached XP level 7. HP: 18/46 MP: 3/12
  4623 | D:5      | Found a glowing drain.
  4632 | D:5      | Slain by an ogre

Illustrated notes

Levels and vault maps discovered:
D:1:      nzn_arrival_crosshair, layout_loops_ring, kennysheep_nondescript,
          chequers_serial_rivers_room_b
D:2:      layout_loops_ring, serial_bayou, serial_bayou_shore_b,
          serial_bayou_lagoon_a, serial_bayou_ford_a, serial_bayou_pond_a,
          serial_bayou_pond_e
D:3:      layout_basic, shapermc_ecumenical_altar_pompeii,
          nicolae_concentric_dashed_squares_mild,
          chequers_serial_rivers_small_a, chequers_mini_garden,
          kennysheep_cluttered_room, corexii_leaking_fountain
D:4:      layout_loops_ring, serial_shops, kennysheep_little_box
D:5:      layout_gridville, lemuel_crystal_altar, minmay_temple_entry_arrows,
          portal_sewer_entry_a, uniq_pikel, uniq_grinder

Skill      XL: |  1  2  3  4  5  6 |
---------------+-------------------+-----
Transmutations | 2 |  2.0
Stealth        | 3 |  3.8
Dodging        | 3 |  3.6
Spellcasting   | 3 |  3.4
Earth Magic    | 4 |  4.3
Summonings     | 1 |  1.6

Action                     |  1- 3 |  4- 6 |  7- 9 || total
---------------------------+-------+-------+-------++-------
  Melee: Unarmed           |    12 |       |       ||    12
         Dagger            |     5 |       |       ||     5
         Long sword        |       |    12 |       ||    12
         Hand axe          |       |    45 |       ||    45
         Punch             |       |     1 |       ||     1
   Cast: Sandblast         |    54 |    46 |       ||   100
         Call Canine Famil |       |     2 |       ||     2
  Evoke: Wand              |       |     1 |       ||     1
    Use: Scroll            |       |     3 |       ||     3
         Potion            |       |     2 |       ||     2
 Armour: Robe              |     9 |    17 |     2 ||    28
         Skin              |       |    15 |       ||    15
  Dodge: Dodged            |    33 |    55 |    10 ||    98

Table legend: (Time is in decaauts)
 A = Elapsed time spent in this place.
 B = Non-inter-level travel time spent in this place.
 C = Inter-level travel time spent in this place.
 D = Time resting spent in this place.
 E = Time spent auto-exploring this place.
 F = Levels seen in this place.
 G = Mean time per level.
                   A        B        C        D        E       F      G
               +--------+--------+--------+--------+--------+-----+--------+
         Total |   4727 |   4489 |    238 |    291 |   3267 |   5 |  945.4 |
       Dungeon |   4727 |   4489 |    238 |    291 |   3267 |   5 |  945.4 |
               +--------+--------+--------+--------+--------+-----+--------+

Top non-repeatable levels by time:
     D:3: 1318 daAuts
     D:2: 1239 daAuts
     D:4: 1014 daAuts
     D:1: 1005 daAuts
     D:5: 149 daAuts
